 Dungeon Crawl Stone Soup version 0.29.0-4-gdea44cf6ec (webtiles) character file.

Game seed: 13092140523335498882

111 qw the Chopper (level 4, -3/26 HPs)
             Began as a Tengu Warper on Aug 28, 2022.
             Killed by nerve-wracking pain
             ... invoked by Grinder
              (9 damage)
             ... on level 3 of the Dungeon.
             The game lasted 00:00:17 (2174 turns).

qw the Chopper (Tengu Warper)                       Turns: 2174, Time: 00:00:17

Health: -3/26      AC:  6    Str: 13    XL:     4   Next: 92%
Magic:  8/8        EV:  9    Int: 13    God:
Gold:   145        SH:  0    Dex: 14    Spells: 7/7 levels left

rFire   . . .      SeeInvis +   Y - +0 hand axe
rCold   . . .      Faith    .   (no shield)
rNeg    . . .      Spirit   .   e - +0 scale mail
rPois   .          Reflect  .   (helmet restricted)
rElec   .          Harm     .   (no cloak)
rCorr   .          Rampage  .   (no gloves)
Will    .....                   (boots unavailable)
Stlth   ..........              i - amulet of regeneration
HPRegen 0.88/turn               l - ring of see invisible
MPRegen 0.11/turn               (no ring)

@: no status effects
A: beak, talons 3
a: no special abilities


You were on level 3 of the Dungeon.
You visited 1 branch of the dungeon, and saw 3 of its levels.

You collected 145 gold pieces.


Innate Abilities, Weirdness & Mutations

You have a beak for a mouth.
You have claws for feet.


   Skills:
 - Level 2.0 Fighting
 + Level 5.4 Axes
 - Level 1.0 Throwing
 - Level 1.1 Armour
 - Level 2.1 Dodging
 - Level 2.0 Spellcasting
 - Level 2.4 Translocations


You had 7 spell levels left.
You didn't know any spells.
Your spell library contained the following spells:

 Spells                   Type           Power      Damage    Failure   Level
 Blink                    Tloc           14%        N/A       56%         2
 Gell's Gravitas          Tloc           7%         N/A       80%         3
 Lesser Beckoning         Tloc           7%         N/A       80%         3
 Teleport Other           Tloc           7%         N/A       80%         3
 Manifold Assault         Tloc           7%         N/A       100%        5

Inventory:

Hand Weapons
 a - a +0 whip
 Y - a +0 hand axe (weapon)
Armour
 e - a +0 scale mail (worn)
Jewellery
 i - an amulet of regeneration (around neck)
 l - a ring of see invisible (left hand)
Scrolls
 d - a scroll of identify
Potions
 b - a potion of mutation {unknown}
 h - a potion of attraction {unknown}
 m - a potion of magic {unknown}
 n - a potion of flight {unknown}

Dungeon Overview and Level Annotations

Branches:
Dungeon (3/15)

Altars:

Annotations:
D:3 Grinder


Message History

You slash the goblin!
You kill the goblin!
You see here a +0 club.
Found a stone staircase leading down.
Grinder comes into view.
Grinder shouts!
2157 ||| Stepping ~*~*~tactically~*~*~ (hiding).
You start waiting.
Grinder is nearby!
2159 ||| Stepping ~*~*~tactically~*~*~ (hiding).
You start waiting.
Grinder is nearby!
Grinder blinks!
Grinder hits you but does no damage.
You hit Grinder but do no damage. Grinder hits you but does no damage.
You barely miss Grinder. Your kick misses Grinder. Grinder closely misses you.
You hit Grinder. You claw Grinder. You peck Grinder.
Grinder is moderately wounded.
Grinder says, "Don't move a muscle."
Grinder hits you.
You writhe in agony.
You hit Grinder.
Grinder is moderately wounded.
Grinder blinks!
Grinder hits you!
You writhe in agony.
You barely miss Grinder. You claw Grinder. Your peck misses Grinder.
Grinder is heavily wounded.
Grinder hits you.
You writhe in agony.
You closely miss Grinder. Your peck misses Grinder.
Grinder is heavily wounded.
Grinder barely misses you.
You hit Grinder but do no damage.
Grinder is heavily wounded.
Grinder barely misses you.
You closely miss Grinder. Your kick misses Grinder.
Grinder is heavily wounded.
Grinder gestures at you. Pain shoots through your body!
You die...

......#.# ...# #.#...#.#
###.... #.#...#.# ##....
#.#...#.###..#####
#.#...#..........#
#.#......##......# #
#.#..)#+###......#
....###.#5.....##......#
........@......##......#
..##...........##......#
...............##......#
...............##......#
...........#...##......#
..#........#...........#
...>.......+...........#
####......#.........###
#.......#


You could see Grinder.

Vanquished Creatures
  Robin (D:2)
  3 adders
  2 dart slugs
  6 ball pythons
  5 endoplasms
  3 giant cockroaches (D:2)
  14 goblins
  3 hobgoblins (D:2)
  9 jackals
  A quokka (D:2)
  3 bats
  3 frilled lizards (D:1)
  7 kobolds
  2 rats (D:1)
62 creatures vanquished.

Notes
Turn   | Place    | Note
-------+----------+-------------------------------------------
     0 | D:1      | qw the Tengu Warper began the quest for the Orb.
     0 | D:1      | Reached XP level 1. HP: 12/12 MP: 4/4
     0 | D:1      | 0 ||| qw: Version: 0.1-a-89-g26bdef1
     0 | D:1      | 0 ||| qw: Game counter: 2375
     0 | D:1      | 0 ||| qw: Always use a shield: true
     0 | D:1      | 0 ||| qw: God list: Okawaru
     0 | D:1      | 0 ||| qw: Allow faded altars: false
     0 | D:1      | 0 ||| qw: Do Orc after D:15 true
     0 | D:1      | 0 ||| qw: Do second Lair branch before Depths: true
     0 | D:1      | 0 ||| qw: Lair rune preference: random
     0 | D:1      | 0 ||| qw: Plans: Normal
     0 | D:1      | 0 ||| PLANNING D:1-11
    97 | D:1      | Reached XP level 2. HP: 17/17 MP: 6/6
   106 | D:1      | Reached skill level 3 in Axes
   138 | D:1      | 138 ||| Stepping ~*~*~tactically~*~*~ (stealth).
   146 | D:1      | Found a faded altar of an unknown god.
   715 | D:1      | 715 ||| UPGRADING to amulet of regeneration.
   720 | D:1      | 720 ||| UPGRADING to ring of see invisible.
   721 | D:1      | 721 ||| READING scroll labelled QIYSTRO SYWASO.
   722 | D:1      | 722 ||| READING scroll labelled UGECSU ZIAJOL.
   723 | D:1      | 723 ||| READING scroll labelled LIELEH BOR EHI.
   724 | D:1      | 724 ||| READING scroll labelled LECUIR BETIL.
   729 | D:1      | 729 ||| DROPPING scroll of blinking.
   789 | D:2      | 789 ||| STAIRDANCE
   790 | D:1      | HP: 4/17 [poisoned by an adder]
   793 | D:1      | Reached XP level 3. HP: 5/21 MP: 7/7
   795 | D:1      | HP: 4/21 [poisoned by an adder]
   822 | D:2      | 822 ||| STAIRDANCE
   835 | D:2      | Reached skill level 4 in Axes
   849 | D:2      | 849 ||| DROPPING +0 club.
   998 | D:2      | 998 ||| Stepping ~*~*~tactically~*~*~ (hiding).
  1100 | D:2      | 1100 ||| Stepping ~*~*~tactically~*~*~ (hiding).
  1202 | D:2      | 1202 ||| Stepping ~*~*~tactically~*~*~ (hiding).
  1203 | D:2      | 1203 ||| Stepping ~*~*~tactically~*~*~ (hiding).
  1250 | D:2      | 1250 ||| Stepping ~*~*~tactically~*~*~ (stealth).
  1254 | D:2      | 1254 ||| Stepping ~*~*~tactically~*~*~ (stealth).
  1256 | D:2      | 1256 ||| Stepping ~*~*~tactically~*~*~ (stealth).
  1258 | D:2      | 1258 ||| Stepping ~*~*~tactically~*~*~ (stealth).
  1259 | D:2      | 1259 ||| Stepping ~*~*~tactically~*~*~ (stealth).
  1290 | D:2      | 1290 ||| Stepping ~*~*~tactically~*~*~ (stealth).
  1292 | D:2      | 1292 ||| Stepping ~*~*~tactically~*~*~ (stealth).
  1306 | D:2      | Reached XP level 4. HP: 24/26 MP: 8/8
  1397 | D:2      | 1397 ||| Stepping ~*~*~tactically~*~*~ (stealth).
  1400 | D:2      | 1400 ||| Stepping ~*~*~tactically~*~*~ (hiding).
  1414 | D:2      | 1414 ||| Stepping ~*~*~tactically~*~*~ (hiding).
  1416 | D:2      | 1416 ||| Stepping ~*~*~tactically~*~*~ (hiding).
  1421 | D:2      | Noticed Robin
  1424 | D:2      | 1424 ||| FLEEEEING.
  1425 | D:2      | 1425 ||| FLEEEEING.
  1426 | D:2      | 1426 ||| FLEEEEING.
  1427 | D:2      | 1427 ||| FLEEEEING.
  1428 | D:2      | 1428 ||| FLEEEEING.
  1429 | D:2      | 1429 ||| FLEEEEING.
  1432 | D:2      | 1432 ||| Stepping ~*~*~tactically~*~*~ (hiding).
  1433 | D:2      | 1433 ||| Stepping ~*~*~tactically~*~*~ (hiding).
  1437 | D:2      | Reached skill level 5 in Axes
  1442 | D:2      | Killed Robin
  1892 | D:2      | 1892 ||| UPGRADING to +0 scale mail.
  1902 | D:2      | 1902 ||| DROPPING +0 leather armour.
  1903 | D:2      | 1903 ||| DRINKING 2 smoky brown potions.
  2004 | D:2      | 2004 ||| READING 2 scrolls of identify.
  2004 | D:2      | 2004 ||| IDENTIFYING bubbling ruby potion
  2005 | D:2      | 2005 ||| DROPPING potion of ambrosia.
  2006 | D:2      | 2006 ||| DROPPING potion of lignification.
  2052 | D:1      | 2052 ||| Stepping randomly (stuck).
  2078 | D:3      | 2078 ||| PLANNING SEWER
  2079 | D:3      | 2079 ||| STAIRDANCE
  2085 | D:3      | 2085 ||| STAIRDANCE
  2156 | D:3      | Noticed Grinder
  2157 | D:3      | 2157 ||| Stepping ~*~*~tactically~*~*~ (hiding).
  2159 | D:3      | 2159 ||| Stepping ~*~*~tactically~*~*~ (hiding).
  2171 | D:3      | HP: 3/26 [Grinder (5)]
  2174 | D:3      | Killed from afar by Grinder

Levels and vault maps discovered:
D:1:      tarquinn_simple_flora_water_b, layout_basic,
          chequers_ecumenical_altar_simple_redux, serial_bayou_pond_d
D:2:      layout_basic, st_stairs_10, uniq_robin
D:3:      layout_basic, gup_sewer_entry_bowl, uniq_grinder

Skill      XL: |  1  2  3  4 |
---------------+-------------+-----
Axes           | 3 4 5 |  5.4
Fighting       | |  2.0
Throwing       | |  1.0
Armour         | |  1.1
Dodging        | |  2.1
Spellcasting   | |  2.0
Translocations | |  2.4

Action                   |  1- 3 |  4- 6 || total
-------------------------+-------+-------++-------
Melee: Hand axe          |    77 |    52 ||   129
       Kick              |    24 |    15 ||    39
       Peck              |    13 |     8 ||    21
Throw: Boomerang         |     7 |       ||     7
  Use: Scroll            |     4 |     1 ||     5
       Potion            |       |     1 ||     1
 Stab: Sleeping          |       |     1 ||     1
Armor: Leather armour    |    22 |     1 ||    23
       Scale mail        |       |     8 ||     8
Dodge: Dodged            |    46 |    20 ||    66

Table legend:
 A = Non-vault XP
 B = Vault XP
 C = Vault XP percentage of total XP
 D = Non-vault monster count
 E = Vault monster count
 F = Vault count percentage of total count
                 A         B        C        D         E       F
            +---------+---------+-------+---------+---------+-------
      Total |     101 |      58 |  36.5 |      45 |      17 |  27.4
            +---------+---------+-------+---------+---------+-------
        D:1 |      41 |       0 |   0.0 |      20 |       0 |   0.0
        D:2 |      43 |      58 |  57.4 |      22 |      17 |  43.6
        D:3 |      17 |       0 |   0.0 |       3 |       0 |   0.0
            +---------+---------+-------+---------+---------+-------
